 Dungeon Crawl Stone Soup version 0.22-a0-580-gd5db89c (webtiles) character file.

209 varam the Gusty (level 5, -5/28 HPs)
             Began as a Deep Elf Air Elementalist on July 3, 2018.
             Killed by divine providence
             ... invoked by an orc priest
              (14 damage)
             ... on level 3 of the Dungeon.
             The game lasted 00:08:39 (3302 turns).

varam the Gusty (Deep Elf Air Elementalist)         Turns: 3302, Time: 00:08:40

Health: -5/28      AC:  3    Str:  5    XL:     5   Next: 55%
Magic:  0/13       EV: 13    Int: 21    God:
Gold:   108        SH:  0    Dex: 15    Spells: 8/13 levels left

rFire    . . .     SeeInvis .   c - +0 dagger (venom)
rCold    . . .     Gourm    .   (no shield)
rNeg     . . .     Faith    .   a - +0 robe
rPois    .         Spirit   +   h - +0 helmet
rElec    .         Reflect  .   (no cloak)
rCorr    .         Harm     .   (no gloves)
MR       +....                  (no boots)
Stlth    ++........             o - amulet of guardian spirit
HPRegen  0.09/turn              m - ring of protection from magic
MPRegen  0.13/turn              (no ring)

@: no status effects
A: no striking features
a: no special abilities


You were on level 3 of the Dungeon.
You were not hungry.

You visited 1 branch of the dungeon, and saw 3 of its levels.

You collected 108 gold pieces.

Inventory:

Hand Weapons
 c - a +0 dagger of venom (weapon)
Armour
 a - a +0 robe (worn)
 h - a +0 helmet (worn)
Jewellery
 m - a ring of protection from magic (left hand)
 o - an amulet of guardian spirit (around neck)
Scrolls
 b - 6 scrolls of identify {unknown}
 f - 5 scrolls of remove curse {unknown}
 j - a scroll of immolation {unknown}
 k - 2 scrolls of teleportation {unknown}
 n - a scroll of fog {unknown}
 p - a scroll of random uselessness {unknown}
Potions
 d - a potion of invisibility {unknown}
 g - 2 potions of heal wounds {unknown}
 l - a potion of agility {unknown}
 q - a potion of degeneration {unknown}
Comestibles
 e - 8 rations


   Skills:
 - Level 2.4 Dodging
 - Level 2.4 Stealth
 + Level 4.5 Spellcasting
 + Level 3.1 Conjurations
 * Level 5.0 Air Magic


You had 8 spell levels left.
You knew the following spells:

 Your Spells              Type           Power        Failure   Level  Hunger
a - Shock                 Conj/Air       ###.         2%          1    None
b - Airstrike             Air            ####......   14%         4    ####...

Your spell library contained the following spells:

 Spells                   Type           Power        Failure   Level  Hunger
 Lightning Bolt           Conj/Air       ###.......   52%         5    ######.
 Swiftness                Chrm/Air       ###.....     6%          2    #......
 Static Discharge         Conj/Air       ###.....     6%          3    ##.....


Dungeon Overview and Level Annotations

Branches:
Dungeon (3/15)

Altars:
Hepliaklqana

Annotations:
D:3 1 runed door, Hebeh's ghost, amateur MiFi


Message History

Press: ? - help, Shift-Dir - straight line The zap hits the orc priest.
The orc priest is heavily wounded.
Casting: Shock (safe; 2% risk of failure)
Confirm with . or Enter, or press ? or * to list all spells.
You don't have enough magic to cast that spell.
You hit the orc priest but do no damage.
The orc priest is heavily wounded.
The orc priest misses you.
You hit the orc priest but do no damage.
The orc priest is poisoned.
The orc priest is heavily wounded.
The orc priest mumbles some strange prayers to Beogh against you.
Pain shoots through your body!
You barely miss the orc priest.
The orc priest is heavily wounded.
The orc priest calls down the wrath of Beogh upon you.
Beogh smites you!
Ouch! That really hurt!
You die...

#.# #..##...##...#
#.## #.##..%..##..#
#..##
#.#⌠..♣...+.##
##..###.##..[..##.#
##...#..##...##..#
###.##..##W##..##
#..##..###..##
##.###.....## #.#
##@#### ########
#.# #.o#
...#...####.###.##
.#..#..##.......#
.÷#..#....##.####
#..#..#.####.#
..###..### #.#####
########.###o#...#
#.....)..##.#)..#


You could see an orc priest and Hebeh's ghost.

Vanquished Creatures
  An orc priest (D:3)
  Jessica (D:2)
  A killer bee zombie (D:3)
  3 adders
  An ooze (D:2)
  3 worms
  2 dart slugs
  3 leopard geckos
  8 orcs (D:3)
  5 giant cockroaches
  4 hobgoblins
  11 jackals
  6 kobolds
  9 bats
  9 frilled lizards
  9 goblins
  5 rats
81 creatures vanquished.

Notes
Turn   | Place    | Note
-------+----------+-------------------------------------------
     0 | D:1      | varam the Deep Elf Air Elementalist began the quest for the Orb.
     0 | D:1      | Reached XP level 1. HP: 10/10 MP: 6/6
   155 | D:1      | Reached XP level 2. HP: 15/15 MP: 0/8
  1144 | D:2      | Reached XP level 3. HP: 19/19 MP: 5/10
  1480 | D:2      | Reached skill level 4 in Air Magic
  1676 | D:2      | Noticed Jessica
  1687 | D:2      | Killed Jessica
  1687 | D:2      | Reached XP level 4. HP: 24/24 MP: 7/12
  1695 | D:2      | Learned a level 4 spell: Airstrike
  2818 | D:3      | Reached XP level 5. HP: 28/28 MP: 5/13
  3007 | D:3      | Found a hazy altar of Hepliaklqana.
  3026 | D:3      | Found a runed door.
  3026 | D:3      | Noticed Hebeh's ghost (amateur MiFi)
  3273 | D:3      | Reached skill level 5 in Air Magic
  3302 | D:3      | Killed from afar by an orc priest

Vault maps used:
D:1:      tarquinn_simple_flora_water_e, serial_bayou_lake_a
D:2:      cheibrodos_old_hovel, uniq_jessica
D:3:      marbit_many_paths, serial_glass, glass_columns_a, glass_columns_a,
          item_on_display_a, item_on_display_a, due_unseen_surprise,
          hellmonk_ghost_happy_afterlife

Skill      XL: |  1  2  3  4  5 |
---------------+----------------+-----
Conjurations   | 2 3 |  3.1
Air Magic      | 4 5 |  5.0
Spellcasting   | 4 |  4.5
Dodging        | |  2.4
Stealth        | |  2.4

Action                   |  1- 3 |  4- 6 || total
-------------------------+-------+-------++-------
Melee: Dagger            |    22 |     4 ||    26
 Cast: Shock             |    76 |    76 ||   152
       Airstrike         |       |     4 ||     4
  Eat: Chunk             |     2 |     6 ||     8
Armor: Robe              |     6 |     5 ||    11
Dodge: Dodged            |    28 |    17 ||    45

Table legend:
 A = Spawn XP
 B = Non-spawn XP
 C = Spawn XP percentage of total XP
 D = Spawn monster count
 E = Non-spawn monster count
 F = Spawn count percentage of total count
 G = Total turns spent on level
                    A         B        C        D         E        F      G
               +---------+---------+-------+---------+---------+-------+---------
         Total |       0 |     299 |   0.0 |       0 |      81 |   0.0 |  3302
               +---------+---------+-------+---------+---------+-------+---------
           D:1 |       0 |      32 |   0.0 |       0 |      19 |   0.0 |   967
           D:2 |       0 |     122 |   0.0 |       0 |      31 |   0.0 |  1385
           D:3 |       0 |     145 |   0.0 |       0 |      31 |   0.0 |   950
               +---------+---------+-------+---------+---------+-------+---------
